 Dungeon Sprint DCSS version 0.21-a0-642-g5d013b2151 (webtiles) character file.

9 Conn321 the Firebug (level 2, 0/17 HPs)
             Began as an Octopode Fire Elementalist on Dec 31, 2017.
             Was an Initiate of Sif Muna.
             Slain by a gnoll
             ... wielding a +0 halberd
              (17 damage)
             ... in the Dungeon (Sprint VII: "The Pits").
             The game lasted 00:00:51 (349 turns).

Conn321 the Firebug (Octopode Fire Elementalist)     Turns: 349, Time: 00:00:55

Health: 0/17       AC:  1    Str:  7    XL:     2   Next: 12%
Magic:  5/5        EV: 13    Int: 17    God:    Sif Muna [......]
Gold:   0          SH:  0    Dex: 12    Spells: 5/6 levels left

rFire    . . .     SeeInvis .   g - +2 falchion (drain)
rCold    . . .     Gourm    .   (no shield)
rNeg     . . .     Faith    .   (helmet restricted)
rPois    .         Spirit   .   (no amulet)
rElec    .         Reflect  .   (no ring)
rCorr    .         Harm     .   (no ring)
MR       .....     NoTele   +   (no ring)
Stlth    +++.......             (no ring)
HPRegen  0.05/turn              (no ring)
MPRegen  0.09/turn              (no ring)
                                (no ring)
                                (no ring)

@: no status effects
A: almost no armour, stealthy swim, amphibious, 8 rings, constrict 8, camouflage
1, gelatinous body 1
a: Renounce Religion


You were in the Dungeon.
You worshipped Sif Muna.
Sif Muna was noncommittal.
You were not hungry.

You visited 1 branch

Inventory:

Hand Weapons
 g - a +2 falchion of draining (weapon)
Scrolls
 h - a scroll of blinking
 k - 3 scrolls of remove curse
 l - 5 scrolls of amnesia
 m - a scroll of summoning
Potions
 c - a potion of curing
 d - a potion of heal wounds
 e - a potion of haste
 f - 4 potions of magic
 i - 2 potions of berserk rage
 j - 2 potions of invisibility
Books
 a - a book of Flames

   Spells                             Type                      Level
   a - Flame Tongue                   Conjuration/Fire             1
   b - Throw Flame                    Conjuration/Fire             2
   c - Conjure Flame                  Conjuration/Fire             3
   d - Inner Flame                    Hexes/Fire                   3
   e - Sticky Flame                   Conjuration/Fire             4
   f - Fireball                       Conjuration/Fire             5
Comestibles
 b - 9 rations


   Skills:
 + Level 2.4 Dodging
 + Level 3.2 Stealth
 + Level 2.5 Spellcasting
 + Level 1.1 Conjurations
 + Level 4.2 Fire Magic


You had 5 spell levels left.
You knew the following spells:

 Your Spells              Type           Power        Failure   Level  Hunger
a - Flame Tongue          Conj/Fire      ##...        6%          1    #......


Dungeon Overview and Level Annotations

Branches:
Dungeon (1/1)

Altars:
Ashenzari
Cheibriados
Dithmenos
Elyvilon
Fedhas
Gozag
Hepliaklqana
Kikubaaqudgha
Makhleb
Nemelex Xobeh
Okawaru
Qazlal
Ru
Sif Muna
Trog
Uskayaw
Vehumet
Wu Jian
Xom
Yredelemnul
Zin
The Shining One
Beogh
Jiyva
Lugonu


Innate Abilities, Weirdness & Mutations

You cannot wear most types of armour.
You are very stealthy in the water. (Stealth+)
You are amphibious.
You can wear up to eight rings at the same time.
You can use your tentacles to constrict eight enemies at once.
Your skin changes colour to match your surroundings (Stealth+).
Your rubbery body absorbs attacks. (AC +1, EV +1)


Message History

There is a basalt altar of Yredelemnul here.
There is a glowing silver altar of Zin here.
There is a sacrificial altar of Ru here.
There is a deep blue altar of Sif Muna here.
You curl up in front of the altar of Sif Muna.
Sif Muna welcomes you!
There is an open door to the Temple (Safe) here.
You open the door.
An adder and a gnoll come into view.
There is an open door here.
Casting: Flame Tongue
Confirm with . or Enter, or press ? or * to list all spells.
Okay, then.
The helpless gnoll fails to defend itself.
You hit the gnoll. You grab the gnoll.
The gnoll is moderately wounded.
You constrict the gnoll, but do no damage.
The gnoll hits you with a halberd!
Ouch! That really hurt!
You die...

############
#_________.#
#_________.#
#_______...###########++
##########'##...........
#.?(.')))'.##......#..#.
##########.##...........
#...........'...........
+#####@#####......#..#.
#g# #........... #.#
####'#####++ +S#
#.......# ### #.......#
#.......# #...<...#
#.......# #.......#


You could see a gnoll and an adder (sleeping).

Vanquished Creatures
  A river rat (D)
1 creature vanquished.

Notes
Turn   | Place    | Note
-------+----------+-------------------------------------------
     0 | D        | Conn321 the Octopode Fire Elementalist began the quest for the Orb.
     0 | D        | Reached XP level 1. HP: 11/11 MP: 3/3
    17 | D        | Reached skill level 4 in Fire Magic
    17 | D        | Reached XP level 2. HP: 2/17 MP: 0/5
   324 | D        | Found a bloodstained altar of Trog.
   324 | D        | Found a deep blue altar of Sif Muna.
   324 | D        | Found a viscous altar of Jiyva.
   324 | D        | Found a hazy altar of Hepliaklqana.
   324 | D        | Found an opulent altar of Gozag.
   325 | D        | Found a glowing golden altar of the Shining One.
   325 | D        | Found a glowing silver altar of Zin.
   325 | D        | Found a basalt altar of Yredelemnul.
   325 | D        | Found a shimmering altar of Xom.
   325 | D        | Found an ornate altar of the Wu Jian Council.
   325 | D        | Found a sacrificial altar of Ru.
   325 | D        | Found a stormy altar of Qazlal.
   325 | D        | Found an iron altar of Okawaru.
   325 | D        | Found a sparkling altar of Nemelex Xobeh.
   325 | D        | Found a burning altar of Makhleb.
   325 | D        | Found a blossoming altar of Fedhas.
   325 | D        | Found a white marble altar of Elyvilon.
   325 | D        | Found a shadowy altar of Dithmenos.
   325 | D        | Found a snail-covered altar of Cheibriados.
   326 | D        | Found a radiant altar of Vehumet.
   326 | D        | Found a corrupted altar of Lugonu.
   326 | D        | Found a roughly hewn altar of Beogh.
   327 | D        | Found an ancient bone altar of Kikubaaqudgha.
   327 | D        | Found a hide-covered altar of Uskayaw.
   327 | D        | Found a shattered altar of Ashenzari.
   340 | D        | Became a worshipper of Sif Muna the Loreminder
   349 | D        | Slain by a gnoll

Vault maps used:
D:        pitsprint

Skill      XL: |  1 |
---------------+----+-----
Stealth        | 3 |  3.2
Fire Magic     | 4 |  4.2
Dodging        | |  2.4
Spellcasting   | |  2.5
Conjurations   | |  1.1

Action                   || total
-------------------------++-------
Melee: Unarmed           ||     4
       Constrict         ||     2
       Falchion          ||     1
 Cast: Flame Tongue      ||     3
  Use: Potion            ||     1
 Stab: Sleeping          ||     1
Dodge: Dodged            ||     3

Table legend:
 A = Spawn XP
 B = Non-spawn XP
 C = Spawn XP percentage of total XP
 D = Spawn monster count
 E = Non-spawn monster count
 F = Spawn count percentage of total count
 G = Total turns spent on level
                    A         B        C        D         E        F      G
               +---------+---------+-------+---------+---------+-------+---------
         Total |       0 |      13 |   0.0 |       0 |       1 |   0.0 |   349
               +---------+---------+-------+---------+---------+-------+---------
             D |       0 |      13 |   0.0 |       0 |       1 |   0.0 |   349
               +---------+---------+-------+---------+---------+-------+---------
